12 | 0:00 | SCV | |
13 | 0:12 | SCV | |
14 | 0:17 | Supply Depot | |
14 | 0:24 | SCV | |
15 | 0:38 | SCV | |
15 | 0:40 | Barracks | |
16 | 0:51 | SCV | |
16 | 0:52 | Refinery | |
17 | 1:03 | SCV | |
18 | 1:13 | Engineering Bay | |
18 | 1:15 | SCV | |
19 | 1:27 | Marine | |
19 | 1:28 | Orbital Command | |
20 | 1:46 | Barracks Reactor | |
21 | 1:54 | SCV | |
21 | 1:59 | Command Center | |
20 | 2:06 | SCV | |
21 | 2:09 | Supply Depot | |
21 | 2:17 | Factory | |
21 | 2:18 | SCV | |
22 | 2:24 | Marine | |
23 | 2:31 | SCV, Marine | |
25 | 2:41 | Marine | |
25 | 2:43 | SCV | |
27 | 2:48 | Marine | |
28 | 2:55 | SCV | |
29 | 3:00 | Marine | |
29 | 3:01 | Factory Tech Lab | |
30 | 3:06 | Marine | |
30 | 3:10 | SCV | |
30 | 3:12 | Orbital Command | |
32 | 3:17 | Marine | |
33 | 3:20 | Cyclone | |
33 | 3:24 | Marine | |
33 | 3:26 | SCV | |
38 | 3:30 | Orbital Command | |
38 | 3:33 | Bunker | |
36 | 3:35 | Marine | |
34 | 3:44 | Command Center | |
34 | 3:45 | SCV | |
35 | 3:52 | Cyclone | |
35 | 3:53 | Marine | |
40 | 3:57 | SCV | |
40 | 4:00 | SCV, Marine | |
42 | 4:07 | Supply Depot | |
42 | 4:09 | SCV | |
43 | 4:10 | Marine | |
43 | 4:12 | SCV | |
45 | 4:18 | Marine | |
46 | 4:26 | SCV | |
46 | 4:28 | SCV, Marine | |
48 | 4:31 | Bunker | |
48 | 4:32 | Siege Tank | |
48 | 4:38 | SCV | |
52 | 4:40 | Barracks, SCV | |
52 | 4:41 | Marine | |
53 | 4:50 | SCV | |
49 | 4:53 | SCV, Bunker | |
47 | 5:02 | SCV | |
47 | 5:05 | SCV | |
49 | 5:07 | Orbital Command | |
49 | 5:08 | Refinery | |
49 | 5:11 | Siege Tank | |
49 | 5:14 | SCV, Marine x2 | |
53 | 5:17 | SCV | |
53 | 5:19 | Bunker | |
56 | 5:25 | Supply Depot | |
56 | 5:26 | SCV | |
57 | 5:29 | SCV | |
57 | 5:30 | Engineering Bay, Barracks Tech Lab | |
57 | 5:34 | SCV | |
59 | 5:37 | Marine | |
59 | 5:38 | SCV, Marine | |
59 | 5:41 | SCV | |
63 | 5:45 | Refinery, Barracks | |
63 | 5:46 | SCV | |
63 | 5:47 | Refinery | |
63 | 5:49 | Supply Depot | |
64 | 5:50 | SCV | |
64 | 5:52 | Supply Depot | |
64 | 5:55 | SCV | |
64 | 5:56 | Marine | |
68 | 6:05 | Missile Turret | |
68 | 6:07 | Engineering Bay, Siege Tank | |
68 | 6:10 | Barracks | |
69 | 6:15 | Barracks | |
69 | 6:16 | Marine x2 | |
69 | 6:17 | Marauder | |
73 | 6:20 | SCV | |
73 | 6:23 | Starport | |
74 | 6:26 | SCV x2 | |
76 | 6:40 | Barracks Tech Lab | |
76 | 6:41 | SCV | |
76 | 6:42 | Marine | |
76 | 6:43 | SCV | |
76 | 6:45 | Marine | |
77 | 6:49 | Siege Tank | |
77 | 6:52 | Barracks Tech Lab | |
78 | 6:55 | SCV | |
78 | 6:56 | SCV | |
78 | 6:59 | Barracks Reactor | |
78 | 7:00 | Terran Infantry Armor Level 1, Terran Infantry Weapons Level 1, Marine | |
81 | 7:01 | Starport Reactor | |
81 | 7:03 | Marine | |
81 | 7:04 | Barracks Tech Lab | |
81 | 7:06 | Marine | |
81 | 7:07 | SCV | |
84 | 7:10 | SCV, Orbital Command | |
84 | 7:13 | Supply Depot x2 | |
85 | 7:24 | Marine | |
85 | 7:25 | Stimpack | |
85 | 7:26 | Barracks Tech Lab | |
85 | 7:30 | SCV x2, Siege Tank, Marine, Marauder | |
85 | 7:31 | Refinery | |
85 | 7:32 | Bunker | |
85 | 7:33 | Refinery | |
85 | 7:37 | SCV | |
94 | 7:38 | Marauder | |
94 | 7:42 | SCV x2 | |
98 | 7:46 | Marauder, Marine x2 | |
98 | 7:49 | SCV, Combat Shield | |
98 | 7:50 | Concussive Shells | |
102 | 7:54 | SCV x2, Marauder | |
106 | 7:58 | Marine | |
106 | 7:59 | Marauder | |
109 | 8:09 | Supply Depot | |
109 | 8:10 | Supply Depot | |
109 | 8:11 | Armory | |
109 | 8:15 | Ghost Academy | |
109 | 8:19 | SCV, Medivac x2, Marine x2 | |
117 | 8:20 | SCV | |
117 | 8:29 | Supply Depot | |
117 | 8:30 | Marine | |
117 | 8:31 | Marauder | |
117 | 8:32 | Supply Depot | |
117 | 8:33 | Supply Depot | |
120 | 8:34 | Missile Turret | |
120 | 8:38 | Command Center, SCV | |
120 | 8:40 | Siege Tank | |
125 | 8:46 | SCV | |
130 | 8:49 | Supply Depot | |
130 | 8:53 | Ghost x3 | |
130 | 8:54 | Medivac | |
132 | 8:56 | Marine | |
132 | 8:57 | Marine x3 | |
132 | 9:02 | Medivac | |
138 | 9:09 | Supply Depot | |
138 | 9:10 | Supply Depot | |
138 | 9:14 | Marine | |
138 | 9:15 | Terran Infantry Weapons Level 2 | |
138 | 9:16 | Marine | |
139 | 9:19 | Marine | |
139 | 9:22 | Marauder x2 | |
139 | 9:23 | Marauder | |
146 | 9:25 | Marine | |
146 | 9:30 | Terran Infantry Armor Level 2 | |
147 | 9:32 | Marine | |
147 | 9:34 | Marine | |
147 | 9:37 | Terran Vehicle Weapons Level 1, Marine | |
150 | 9:43 | Marine | |
150 | 9:44 | Marauder x3 | |
157 | 9:50 | Marine | |
158 | 9:53 | Sensor Tower | |
158 | 9:57 | Marine | |
158 | 9:59 | Barracks x2 | |
159 | 10:00 | Barracks | |
159 | 10:01 | Supply Depot, SCV | |
159 | 10:03 | Sensor Tower | |
159 | 10:05 | Missile Turret, Marauder x3 | |
166 | 10:11 | Enhanced Shockwaves | |
166 | 10:15 | Refinery | |
166 | 10:17 | Refinery | |
166 | 10:19 | SCV x3 | |
169 | 10:23 | Planetary Fortress | |
89 | 10:28 | Viking | |
169 | 10:31 | SCV | |
173 | 10:37 | SCV | |
173 | 10:38 | SCV | |
173 | 10:39 | Missile Turret | |
173 | 10:40 | Marauder, Marine | |
173 | 10:41 | Marauder | |
180 | 10:47 | Medivac | |
180 | 10:49 | Barracks Tech Lab x3 | |
180 | 10:58 | Medivac | |
180 | 11:00 | Command Center | |
182 | 11:07 | Starport | |
182 | 11:08 | Armory | |
182 | 11:17 | Command Center, Medivac | |
184 | 11:28 | Medivac | |
184 | 11:30 | Command Center, Siege Tank | |
184 | 11:32 | Personal Cloaking | |
189 | 11:37 | Terran Infantry Weapons Level 3 | |
188 | 11:47 | Viking | |
188 | 11:53 | Viking | |
192 | 11:58 | Viking | |
172 | 12:09 | Siege Tank | |
172 | 12:15 | Ghost x3 | |
175 | 12:17 | Viking | |
183 | 12:24 | Terran Vehicle And Ship Armor Level 1 | |
183 | 12:25 | Terran Ship Weapons Level 1 | |
183 | 12:26 | Starport Reactor | |
183 | 12:28 | Command Center | |
183 | 12:34 | Command Center | |
175 | 12:46 | Viking | |
175 | 12:47 | Viking | |
175 | 12:50 | Refinery | |
179 | 12:53 | Refinery | |
179 | 12:55 | Missile Turret | |
179 | 12:56 | Missile Turret x2, Sensor Tower | |
179 | 12:58 | Nuke | |
178 | 13:03 | Viking x2 | |
178 | 13:05 | Marauder x2, Marine | |
183 | 13:06 | Marine x5 | |
183 | 13:07 | Marauder x2 | |
190 | 13:19 | SCV x3 | |
192 | 13:23 | Marine | |
192 | 13:24 | Marine x2 | |
192 | 13:25 | Marauder x2 | |
199 | 13:31 | SCV x3 | |
183 | 13:43 | SCV x2 | |
183 | 13:47 | SCV | |
196 | 13:52 | Ghost x3 | |
196 | 13:53 | Marine | |
196 | 13:54 | Orbital Command | |
191 | 14:01 | SCV | |
187 | 14:03 | Nuke | |
187 | 14:05 | Terran Infantry Armor Level 3 | |
187 | 14:08 | Planetary Fortress | |
187 | 14:09 | SCV x2 | |
189 | 14:11 | Orbital Command | |
189 | 14:17 | Viking x4 | |
191 | 14:23 | Missile Turret | |
197 | 14:26 | Ghost | |
199 | 14:46 | Terran Ship Weapons Level 2, Terran Vehicle And Ship Armor Level 2 | |
199 | 14:47 | Missile Turret | |
199 | 14:50 | Sensor Tower | |
199 | 14:51 | Missile Turret, Sensor Tower | |
199 | 14:52 | Refinery | |
199 | 14:55 | Missile Turret | |
197 | 15:01 | Marauder, Marine | |
200 | 15:08 | Missile Turret | |
188 | 15:17 | Marine, Ghost x2 | |
188 | 15:19 | Marine | |
190 | 15:30 | Marauder, Marine | |
190 | 15:32 | Viking x4 | |
199 | 15:40 | Command Center | |
199 | 15:47 | Command Center | |
194 | 15:54 | Ghost | |
191 | 15:58 | Planetary Fortress | |
191 | 16:01 | Viking | |
191 | 16:02 | Viking x3 | |
193 | 16:04 | Ghost x2 | |
197 | 16:14 | Refinery | |
197 | 16:15 | Ghost | |
197 | 16:30 | Ghost | |
199 | 16:37 | Marine | |
200 | 16:44 | Ghost Academy | |
200 | 16:49 | Medivac x2 | |
200 | 16:51 | Refinery | |
200 | 16:53 | Refinery | |
200 | 16:58 | Starport x2 | |
200 | 17:00 | Hi-Sec Auto Tracking, Neosteel Armor | |
200 | 17:01 | Fusion Core, Orbital Command | |
200 | 17:02 | Orbital Command | |
200 | 17:05 | Starport | |
200 | 17:06 | Starport | |
200 | 17:23 | Terran Vehicle And Ship Armor Level 3, Terran Ship Weapons Level 3 | |
197 | 17:36 | Starport Tech Lab x2 | |
187 | 17:41 | Command Center | |
187 | 17:42 | Nuke x2 | |
187 | 17:43 | Command Center | |
187 | 17:44 | Starport Tech Lab | |
187 | 17:51 | Weapon Refit | |
187 | 17:55 | Starport Tech Lab | |
193 | 17:58 | Battlecruiser x2 | |
194 | 18:07 | Battlecruiser | |
195 | 18:25 | Missile Turret, Sensor Tower | |
184 | 18:27 | Viking x3 | |
184 | 18:28 | Missile Turret x2 | |
190 | 18:38 | Marine | |
190 | 18:39 | Marauder | |
178 | 18:50 | Battlecruiser, Viking | |
186 | 18:57 | Viking x2 | |
190 | 19:03 | Battlecruiser | |
190 | 19:04 | Orbital Command | |
190 | 19:05 | Battlecruiser | |
196 | 19:14 | Command Center, Orbital Command | |
196 | 19:35 | Nuke | |
196 | 19:41 | Battlecruiser | |
199 | 19:54 | Viking | |
196 | 20:11 | Battlecruiser | |
200 | 20:21 | Orbital Command | |
200 | 20:23 | Missile Turret | |
200 | 20:24 | Missile Turret | |
200 | 20:26 | Command Center | |
198 | 20:48 | Battlecruiser | |
197 | 20:59 | Command Center | |
197 | 21:01 | Command Center | |
195 | 21:09 | Smart Servos | |
186 | 21:34 | Marauder, Marine | |
186 | 21:38 | Marauder x5, Marine x3 | |
154 | 21:52 | Marine | |
128 | 21:55 | Orbital Command | |
128 | 21:56 | Marauder, Marine x3 | |
128 | 21:59 | Marine x4 | |
128 | 22:00 | Marauder | |
79 | 22:09 | Marine | |